 Dungeon Crawl Stone Soup version 0.21-a0-552-g593960d (webtiles) character file.

487 Lasiace the Poker (level 6, -13/48 HPs)
             Began as a Mummy Skald on Dec 16, 2017.
             Was a Believer of Ashenzari.
             Mangled by Menkaure (22 damage)
             ... on level 5 of the Dungeon.
             The game lasted 00:17:56 (5094 turns).

Lasiace the Poker (Mummy Skald)                     Turns: 5094, Time: 00:17:57

Health: -13/48     AC:  5    Str: 14    XL:     6   Next: 89%
Magic:  12/12      EV: 11    Int: 13    God:    Ashenzari [**....]
Gold:   200        SH:  0    Dex: 13    Spells: 10/13 levels left

rFire    x . .     SeeInvis .   a - +0 spear
rCold    + + +     Gourm    .   (no shield)
rNeg     + + +     Faith    .   l - +1 leather armour {rC+}
rPois    ∞         Spirit   .   D - +0 helmet
rElec    .         Reflect  .   (no cloak)
rCorr    .         Harm     .   (no gloves)
MR       .....                  (no boots)
Stlth    +.........             (no amulet)
HPRegen  0.16/turn              I - ring of protection from cold
MPRegen  0.13/turn              (no ring)

@: no status effects
A: no food or potions, fire vulnerability, cold resistance 1, negative energy
resistance 3, torment resistance, unbreathing
a: Curse Item, Scrying, Renounce Religion


You were on level 5 of the Dungeon.
You worshipped Ashenzari.
Ashenzari was pleased with you.
You were not hungry.

You visited 1 branch of the dungeon, and saw 5 of its levels.

You collected 200 gold pieces.

Inventory:

Hand Weapons
 a - a +0 spear (weapon)
Missiles
 d - 7 tomahawks (quivered) {@Q8 @f8}
Armour
 l - a +1 leather armour of cold resistance (worn)
 D - a +0 helmet (worn)
Jewellery
 I - a ring of protection from cold (left hand)
Scrolls
 b - a scroll of amnesia {unknown}
 c - a scroll of blinking {@r5 !r}
 e - a scroll of fear
 f - 2 scrolls of fog
 g - a scroll of teleportation {@r3 !r}
 h - 2 scrolls of remove curse
 i - a scroll of magic mapping
 k - a scroll of enchant weapon {unknown}
Books
 B - a book of Battle

   Spells                             Type                      Level
   a - Infusion                       Charms                       1
   b - Shroud of Golubria             Charms/Translocation         2
   c - Song of Slaying                Charms                       2
   d - Spectral Weapon                Hexes/Charms                 3
   e - Regeneration                   Charms/Necromancy            3


   Skills:
 - Level 4.0 Fighting
 + Level 4.6 Polearms
 - Level 0.7 Armour
 - Level 1.5 Dodging
 - Level 4.0 Spellcasting
 - Level 3.1 Charms


You had 10 spell levels left.
You knew the following spells:

 Your Spells              Type           Power        Failure   Level  Hunger
a - Infusion              Chrm           ##..         8%          1    N/A
b - Song of Slaying       Chrm           ##......     11%         2    N/A

Dungeon Overview and Level Annotations

Branches:
Dungeon (5/15)
 Temple: D:4-7

Altars:
Ashenzari
Cheibriados
Gozag
Hepliaklqana
Trog
Wu Jian

Annotations:
D:5 Menkaure


Innate Abilities, Weirdness & Mutations

You do not eat or drink.
Your flesh is vulnerable to fire.
You are immune to poison.
Your flesh is cold resistant. (rC+)
You are immune to negative energy. (rN+++)
You are immune to unholy pain and torment.
You can survive without breathing.


Message History

You reach to attack!
You hit Menkaure.
Menkaure is lightly damaged.
Menkaure gestures wildly while chanting.
Menkaure seems to speed up.
Attack whom?
Press: ? - help, Dir - move target cursor, f/p - Menkaure
Aim: Menkaure (lightly damaged, fast)
You reach to attack!
You hit Menkaure.
Menkaure is moderately damaged.
Your magical infusion is running out.
Menkaure shouts, "The curse of the Pharaohs be upon you!"
Menkaure hits you!
Unknown command.
Menkaure barely misses you.
You are no longer magically infusing your attacks.
Menkaure blazes with dark energy!
Menkaure hits you!!
* * * LOW HITPOINT WARNING * * *
Menkaure hits you!!
You die...

.........###.#.....##
.##.................
.###...#####.#..... *
.# ##..# #.# ... .#
#..#####.#*#.# ##
#........###.#####
##'######.........#
##...## #.###.###Z#
##..(..## #.###@# #.#
##.......###.##.M###.#
#.........##.....Z...#
+.........+.....(..###
#.........####.....#
##.......## ##....#
##!<...## ###.##
##...## #.# ##'## #.#


You could see Menkaure and an adder skeleton.

Vanquished Creatures
  Grinder (D:3)
  A crimson imp (D:5)
  An orc priest (D:4)
  2 orc wizards (D:4)
  2 worker ants (D:4)
  A hound skeleton (D:4)
  4 adders
  4 worms
  A dart slug (D:3)
  3 leopard geckos
  6 orcs (D:4)
  A giant cockroach (D:1)
  11 goblins
  7 hobgoblins
  2 jackals (D:2)
  6 kobolds
  2 quokkas
  3 ball pythons
  4 bats
  5 frilled lizards
  6 rats
73 creatures vanquished.

Notes
Turn   | Place    | Note
-------+----------+-------------------------------------------
     0 | D:1      | Lasiace the Mummy Skald began the quest for the Orb.
     0 | D:1      | Reached XP level 1. HP: 16/16 MP: 4/4
    95 | D:1      | Found a shattered altar of Ashenzari.
   111 | D:1      | Became a worshipper of Ashenzari the Shackled
   367 | D:1      | Reached XP level 2. HP: 22/22 MP: 4/6
   699 | D:1      | Learned a level 2 spell: Song of Slaying
  1182 | D:2      | Reached XP level 3. HP: 27/27 MP: 4/8
  1688 | D:2      | Reached * piety under Ashenzari
  1721 | D:2      | Found a snail-covered altar of Cheibriados.
  1892 | D:2      | Found an opulent altar of Gozag.
  2001 | D:3      | Reached XP level 4. HP: 33/33 MP: 10/10
  2638 | D:3      | Noticed Grinder
  2653 | D:3      | Paralysed by Grinder for 2 turns
  2657 | D:3      | Killed Grinder
  2657 | D:3      | Reached XP level 5. HP: 38/38 MP: 5/11
  2657 | D:3      | Reached XP level 6. HP: 44/44 MP: 5/12
  2949 | D:4      | Found a hazy altar of Hepliaklqana.
  3251 | D:4      | Found a bloodstained altar of Trog.
  3414 | D:4      | Reached ** piety under Ashenzari
  3633 | D:4      | Found an ornate altar of the Wu Jian Council.
  4319 | D:5      | Entered Level 5 of the Dungeon
  4347 | D:5      | Noticed Menkaure
  4734 | D:5      | Noticed a sky beast
  5094 | D:5      | Mangled by Menkaure

Vault maps used:
D:1:      kilobyte_arrival_exit_the_forest, st_stairs_7, evilmike_ruin_ashenzari
D:2:      cheibriados_altar_1, nicolae_overflow_crystal_walls
D:3:      wad_pebble_path, uniq_grinder
D:4:      lemuel_coloured_pillars_altar, overflow_temple_1_default,
          lemuel_round_altar, first_bread
D:5:      serial_shops, shop, uniq_eustachio, uniq_menkaure

Skill      XL: |  1  2  3  4  5  6 |
---------------+-------------------+-----
Spellcasting   | 3 4 |  4.0
Charms         | 3 |  3.1
Polearms       | 2 4 |  4.6
Fighting       | 4 |  4.0
Armour         | |  0.7
Dodging        | |  1.5

Action                   |  1- 3 |  4- 6 || total
-------------------------+-------+-------++-------
Melee: Spear             |   134 |   218 ||   352
Throw: Tomahawk          |       |    10 ||    10
 Cast: Infusion          |    20 |    21 ||    41
  Use: Scroll            |       |     5 ||     5
Armor: Leather armour    |    24 |    37 ||    61
Dodge: Dodged            |    38 |    64 ||   102

Table legend:
 A = Spawn XP
 B = Non-spawn XP
 C = Spawn XP percentage of total XP
 D = Spawn monster count
 E = Non-spawn monster count
 F = Spawn count percentage of total count
 G = Total turns spent on level
                    A         B        C        D         E        F      G
               +---------+---------+-------+---------+---------+-------+---------
         Total |       0 |     696 |   0.0 |       0 |      73 |   0.0 |  5094
               +---------+---------+-------+---------+---------+-------+---------
           D:1 |       0 |      34 |   0.0 |       0 |      19 |   0.0 |  1077
           D:2 |       0 |      55 |   0.0 |       0 |      19 |   0.0 |   865
           D:3 |       0 |     294 |   0.0 |       0 |      16 |   0.0 |   876
           D:4 |       0 |     249 |   0.0 |       0 |      16 |   0.0 |  1887
           D:5 |       0 |      64 |   0.0 |       0 |       3 |   0.0 |   389
               +---------+---------+-------+---------+---------+-------+---------
